TOP OF THE 1ST |
Port Royal Disaster batting - Pitching for Syracuse Starks : RHP Edmund Blackadder
|
Pitching: RHP Edmund Blackadder
|
|
Batting: LHB Alfonso López
|
0-0: Ball 1-0: Ball 2-0: Ball 3-0: Called Strike 3-1: Base on Balls
|
Batting: RHB Jaime Espinar
|
0-0: Called Strike 0-1: Swinging Strike 0-2: Ball 1-2: Ball 2-2: Foul Ball, location: 2F 2-2: Foul Ball, location: 2F 2-2: Fly out, F8 (Flyball, 89D, EV 74.4 MPH)
|
Batting: RHB Mariano Juderías
|
0-0: Called Strike 0-1: Ball 1-1: Foul Ball, location: 2F 1-2: Ball 2-2: Foul Ball, location: 2F 2-2: Foul Ball, location: 2F 2-2: Strikes out looking
|
Batting: LHB Luis Benítez
|
0-0: Ball 1-0: Ball Wild Pitch! Alfonso López to second 2-0: Called Strike 2-1: Fly out, F2 (Popup, 25F, EV 91.9 MPH)
|
Top of the 1st over - 0 runs, 0 hits, 0 errors, 1 left on base; Port Royal 0 - Syracuse 0 |
BOTTOM OF THE 1ST |
Syracuse Starks batting - Pitching for Port Royal Disaster : RHP Phil Soto
|
Pitching: RHP Phil Soto
|
|
Batting: RHB Mikko Haataja
|
0-0: Ball 1-0: Ball 2-0: Called Strike 2-1: Foul Ball, location: 2F 2-2: Strikes out swinging
|
Batting: SHB Soren Loen
|
0-0: Called Strike 0-1: SINGLE (Groundball, 4MS, EV 68.1 MPH) (infield hit)
|
Batting: LHB Mare Riseley
|
0-0: Called Strike 0-1: Called Strike 0-2: Strikes out swinging
|
Batting: RHB Akke Derksen
|
0-0: Ball 1-0: Called Strike Soren Loen steals 2nd base (no throw) 1-1: Fly out, F8 (Flyball, 78D, EV 96.9 MPH)
|
Bottom of the 1st over - 0 runs, 1 hit, 0 errors, 1 left on base; Port Royal 0 - Syracuse 0 |
TOP OF THE 2ND |
Port Royal Disaster batting - Pitching for Syracuse Starks : RHP Edmund Blackadder
|
Batting: RHB Sean Roberts
|
0-0: Reached on error, E5 (Groundball, 56, EV 104.4 MPH)
|
Batting: RHB Tomás Martí
|
0-0: Called Strike 0-1: Grounds into double play, 6-4-3 (Groundball, 6, EV 88.8 MPH)
|
Batting: RHB Mark Merry
|
0-0: Called Strike 0-1: Fly out, F7 (Flyball, 7, EV 90.0 MPH)
|
Top of the 2nd over - 0 runs, 0 hits, 1 error, 0 left on base; Port Royal 0 - Syracuse 0 |
BOTTOM OF THE 2ND |
Syracuse Starks batting - Pitching for Port Royal Disaster : RHP Phil Soto
|
Batting: LHB Gary Malone
|
0-0: Ball 1-0: Fly out, F7 (Flyball, 78D, EV 93.1 MPH)
|
Batting: RHB Graeme Dormer
|
0-0: Fly out, F7 (Line Drive, 7, EV 98.1 MPH)
|
Batting: RHB Atanza Vongor
|
0-0: Called Strike 0-1: Ball 1-1: Called Strike 1-2: Strikes out swinging
|
Bottom of the 2nd over - 0 runs, 0 hits, 0 errors, 0 left on base; Port Royal 0 - Syracuse 0 |
TOP OF THE 3RD |
Port Royal Disaster batting - Pitching for Syracuse Starks : RHP Edmund Blackadder
|
Batting: RHB Steve Bock
|
0-0: Ball 1-0: Called Strike 1-1: Called Strike 1-2: Ground out 5-3 (Groundball, 56S, EV 83.8 MPH)
|
Batting: LHB Derek Kelly
|
0-0: Ball 1-0: Swinging Strike 1-1: Ball 2-1: Fly out, F7 (Flyball, 7S, EV 91.2 MPH)
|
Batting: LHB Alfonso López
|
0-0: Ball 1-0: Foul Ball, location: 2F 1-1: Called Strike 1-2: Foul Ball, location: 2F 1-2: Foul Ball, location: 2F 1-2: Ball 2-2: Ball 3-2: Base on Balls
|
Batting: RHB Jaime Espinar
|
0-0: Called Strike Alfonso López steals 2nd base 0-1: Ball 1-1: Foul Ball, location: 2F 1-2: Foul Ball, location: 2F 1-2: Strikes out looking
|
Top of the 3rd over - 0 runs, 0 hits, 0 errors, 1 left on base; Port Royal 0 - Syracuse 0 |
BOTTOM OF THE 3RD |
Syracuse Starks batting - Pitching for Port Royal Disaster : RHP Phil Soto
|
Batting: RHB Damon Newbold
|
0-0: Called Strike 0-1: Fly out, F7 (Line Drive, 7, EV 103.8 MPH)
|
Batting: RHB Enrico Sánchez
|
0-0: Foul Ball, location: 2F 0-1: Ball 1-1: Ball 2-1: Foul Ball, location: 2F 2-2: Strikes out looking
|
Batting: RHB Mikko Haataja
|
0-0: Ball 1-0: Fly out, F9 (Flyball, 9, EV 85.0 MPH)
|
Bottom of the 3rd over - 0 runs, 0 hits, 0 errors, 0 left on base; Port Royal 0 - Syracuse 0 |
TOP OF THE 4TH |
Port Royal Disaster batting - Pitching for Syracuse Starks : RHP Edmund Blackadder
|
Batting: RHB Mariano Juderías
|
0-0: Ball 1-0: Ground out 1-3 (Groundball, 13S, EV 75.6 MPH)
|
Batting: LHB Luis Benítez
|
0-0: Ball 1-0: SINGLE (Line Drive, 6D, EV 94.4 MPH)
|
Batting: RHB Sean Roberts
|
0-0: Fly out, F8 (Flyball, 8RXD, EV 94.4 MPH)
|
Batting: RHB Tomás Martí
|
0-0: SINGLE (Flyball, 7S, EV 94.4 MPH) Luis Benítez to second
|
Batting: RHB Mark Merry
|
0-0: Called Strike 0-1: Ball 1-1: Called Strike 1-2: Ball 2-2: Fly out, F8 (Flyball, 89D, EV 107.5 MPH)
|
Top of the 4th over - 0 runs, 2 hits, 0 errors, 2 left on base; Port Royal 0 - Syracuse 0 |
BOTTOM OF THE 4TH |
Syracuse Starks batting - Pitching for Port Royal Disaster : RHP Phil Soto
|
Batting: SHB Soren Loen
|
0-0: Ball 1-0: Ball 2-0: Foul Ball, location: 2F 2-1: Ball 3-1: Base on Balls
|
Batting: LHB Mare Riseley
|
0-0: Ball 1-0: Ball 2-0: Fly out, F6 (Flyball, 56D, EV 83.8 MPH)
|
Batting: RHB Akke Derksen
|
0-0: Ball 1-0: Ball 2-0: Ball 3-0: Called Strike 3-1: Foul Ball, location: 2F 3-2: SINGLE (Groundball, 56D, EV 96.2 MPH) Soren Loen to second
|
Batting: LHB Gary Malone
|
0-0: Ball 1-0: Called Strike 1-1: Fly out, F9 (Line Drive, 9D, EV 93.8 MPH) Runner from 2nd tags up, SAFE at 3rd, no throw by RF
|
Batting: RHB Graeme Dormer
|
0-0: Ball 1-0: Ball 2-0: Called Strike 2-1: Ball 3-1: Called Strike 3-2: Strikes out swinging
|
Bottom of the 4th over - 0 runs, 1 hit, 0 errors, 2 left on base; Port Royal 0 - Syracuse 0 |
TOP OF THE 5TH |
Port Royal Disaster batting - Pitching for Syracuse Starks : RHP Edmund Blackadder
|
Batting: RHB Steve Bock
|
0-0: Ball 1-0: SINGLE (Line Drive, 78S, EV 95.6 MPH)
|
Batting: LHB Derek Kelly
|
0-0: Bunt missed! 0-1: Ball 1-1: Sac Bunt to 2R - play at first, batter OUT! 2-4 Steve Bock to second
|
Batting: LHB Alfonso López
|
0-0: Ball 1-0: Ball 2-0: Foul Ball, location: 2F 2-1: Foul Ball, location: 2F 2-2: Strikes out swinging
|
Batting: RHB Jaime Espinar
|
0-0: Ground out 1-3 (Groundball, 13S, EV 66.2 MPH)
|
Top of the 5th over - 0 runs, 1 hit, 0 errors, 1 left on base; Port Royal 0 - Syracuse 0 |
BOTTOM OF THE 5TH |
Syracuse Starks batting - Pitching for Port Royal Disaster : RHP Phil Soto
|
Batting: RHB Atanza Vongor
|
0-0: Ball 1-0: Ball 2-0: Ball 3-0: Called Strike 3-1: Swinging Strike 3-2: Strikes out swinging
|
Batting: RHB Damon Newbold
|
0-0: Ground out 3-1 (Groundball, 34, EV 108.1 MPH)
|
Batting: RHB Enrico Sánchez
|
0-0: Ball 1-0: Swinging Strike 1-1: Ball 2-1: Ground out 1-3 (Groundball, 13, EV 88.1 MPH)
|
Bottom of the 5th over - 0 runs, 0 hits, 0 errors, 0 left on base; Port Royal 0 - Syracuse 0 |
TOP OF THE 6TH |
Port Royal Disaster batting - Pitching for Syracuse Starks : RHP Edmund Blackadder
|
Batting: RHB Mariano Juderías
|
0-0: Called Strike 0-1: SINGLE (Flyball, 4D, EV 91.9 MPH)
|
Batting: LHB Luis Benítez
|
0-0: Fly out, F5 (Popup, 56, EV 78.1 MPH)
|
Batting: RHB Sean Roberts
|
0-0: Ball 1-0: Fly out, F8 (Flyball, 8LM, EV 89.4 MPH)
|
Batting: RHB Tomás Martí
|
0-0: Ball 1-0: Foul Ball, location: 2F 1-1: Ball 2-1: SINGLE (Groundball, 34D, EV 96.9 MPH) Mariano Juderías to second Runner from 2nd tries for 3rd, SAFE, no throw by RF
|
Batting: RHB Mark Merry
|
0-0: Fly out, F8 (Line Drive, 8LM, EV 95.6 MPH)
|
Top of the 6th over - 0 runs, 2 hits, 0 errors, 2 left on base; Port Royal 0 - Syracuse 0 |
BOTTOM OF THE 6TH |
Syracuse Starks batting - Pitching for Port Royal Disaster : RHP Phil Soto
|
Batting: RHB Mikko Haataja
|
0-0: Ball 1-0: Ball 2-0: Foul Ball, location: 2F 2-1: Ground out 6-3 (Groundball, 6, EV 89.4 MPH)
|
Batting: SHB Soren Loen
|
0-0: Ball 1-0: Ball 2-0: Called Strike 2-1: Fly out, F8 (Flyball, 8RM, EV 90.6 MPH)
|
Batting: LHB Mare Riseley
|
0-0: DOUBLE (Line Drive, 7LM, EV 93.1 MPH)
|
Batting: RHB Akke Derksen
|
0-0: Ball 1-0: Foul Ball, location: 2F 1-1: Ball 2-1: Called Strike 2-2: Ball 3-2: Base on Balls
|
Batting: LHB Gary Malone
|
0-0: Ball 1-0: Ball 2-0: Ball 3-0: Base on Balls Mare Riseley to third Akke Derksen to second
|
Batting: RHB Graeme Dormer
|
0-0: Called Strike 0-1: Ball 1-1: Ball 2-1: Fielders Choice at 2nd, 6-4 (Groundball, 6, EV 90.6 MPH)
|
Bottom of the 6th over - 0 runs, 1 hit, 0 errors, 3 left on base; Port Royal 0 - Syracuse 0 |
TOP OF THE 7TH |
Port Royal Disaster batting - Pitching for Syracuse Starks : RHP Edmund Blackadder
|
Batting: RHB Steve Bock
|
0-0: Foul Ball, location: 2F 0-1: SINGLE (Line Drive, 89S, EV 104.4 MPH)
|
Batting: LHB Derek Kelly
|
0-0: Bunt missed! 0-1: Bunted foul 0-2: Ball 1-2: Ball 2-2: Ground out 4-3 (Groundball, 3, EV 111.2 MPH) Steve Bock to second
|
Batting: LHB Alfonso López
|
0-0: Foul Ball, location: 2F 0-1: Called Strike 0-2: Foul Ball, location: 2F 0-2: Ball 1-2: Strikes out swinging
|
Batting: RHB Jaime Espinar
|
0-0: Ball 1-0: Ball 2-0: Ball 3-0: Base on Balls
|
Batting: RHB Mariano Juderías
|
0-0: Called Strike 0-1: Ball 1-1: Ball 2-1: Ball 3-1: Swinging Strike 3-2: Ground out 6-3 (Groundball, 6M, EV 93.1 MPH)
|
Top of the 7th over - 0 runs, 1 hit, 0 errors, 2 left on base; Port Royal 0 - Syracuse 0 |
BOTTOM OF THE 7TH |
Syracuse Starks batting - Pitching for Port Royal Disaster : RHP Phil Soto
|
Batting: RHB Atanza Vongor
|
0-0: Called Strike 0-1: Called Strike 0-2: Fly out, F9 (Line Drive, 9, EV 96.9 MPH)
|
Batting: RHB Damon Newbold
|
0-0: Ball 1-0: Called Strike 1-1: Ball 2-1: Swinging Strike 2-2: SINGLE (Groundball, 23, EV 66.2 MPH) (infield hit)
|
Batting: RHB Enrico Sánchez
|
0-0: Grounds into double play, 5-4-3 (Groundball, 5L, EV 88.8 MPH)
|
Bottom of the 7th over - 0 runs, 1 hit, 0 errors, 0 left on base; Port Royal 0 - Syracuse 0 |
TOP OF THE 8TH |
Port Royal Disaster batting - Pitching for Syracuse Starks : RHP Edmund Blackadder
|
Pitching: RHP Christiaan Volkers
|
|
Batting: LHB Luis Benítez
|
0-0: Ball 1-0: Ball 2-0: Called Strike 2-1: SOLO HOME RUN (Flyball, 7D, EV 82.5 MPH), Distance : 363 ft
|
Batting: RHB Sean Roberts
|
0-0: Ball 1-0: Fly out, F6 (Popup, 6M, EV 56.2 MPH)
|
Batting: RHB Tomás Martí
|
0-0: Ground out 6-3 (Groundball, 6, EV 98.1 MPH)
|
Batting: RHB Mark Merry
|
0-0: Foul Ball, location: 2F 0-1: Ball 1-1: Foul Ball, location: 2F 1-2: Ball 2-2: SINGLE (Line Drive, 56D, EV 96.9 MPH)
|
Batting: RHB Steve Bock
|
0-0: Ball 1-0: Ball 2-0: Fly out, F7 (Flyball, 78S, EV 76.9 MPH)
|
Top of the 8th over - 1 run, 2 hits, 0 errors, 1 left on base; Port Royal 1 - Syracuse 0 |
BOTTOM OF THE 8TH |
Syracuse Starks batting - Pitching for Port Royal Disaster : RHP Phil Soto
|
Batting: RHB Mikko Haataja
|
0-0: Called Strike 0-1: Called Strike 0-2: Ground out 1-3 (Groundball, 13S, EV 71.9 MPH)
|
Batting: SHB Soren Loen
|
0-0: Ball 1-0: Foul Ball, location: 2F 1-1: Foul Ball, location: 2F 1-2: Strikes out swinging
|
Batting: LHB Mare Riseley
|
0-0: Ball 1-0: Ground out 6-3 (Groundball, 6S, EV 68.8 MPH)
|
Bottom of the 8th over - 0 runs, 0 hits, 0 errors, 0 left on base; Port Royal 1 - Syracuse 0 |
TOP OF THE 9TH |
Port Royal Disaster batting - Pitching for Syracuse Starks : RHP Christiaan Volkers
|
Batting: LHB Derek Kelly
|
0-0: Ball 1-0: Fly out, F8 (Flyball, 89D, EV 102.5 MPH)
|
Batting: LHB Alfonso López
|
0-0: Ball 1-0: Ground out 5-3 (Groundball, 56, EV 86.9 MPH)
|
Batting: RHB Jaime Espinar
|
0-0: Ball 1-0: Called Strike 1-1: Swinging Strike 1-2: Strikes out swinging
|
Top of the 9th over - 0 runs, 0 hits, 0 errors, 0 left on base; Port Royal 1 - Syracuse 0 |
BOTTOM OF THE 9TH |
Syracuse Starks batting - Pitching for Port Royal Disaster : RHP Phil Soto
|
Pitching: RHP Alejandro Araya
|
|
Now at 1B: Gabriel Amezquita
|
|
Batting: RHB Akke Derksen
|
0-0: Ball 1-0: Ball 2-0: Fly out, F9 (Flyball, 9, EV 91.2 MPH)
|
Batting: LHB Gary Malone
|
0-0: Called Strike 0-1: Ball 1-1: Foul Ball, location: 2F 1-2: Fly out, F8 (Flyball, 8LM, EV 83.1 MPH)
|
Batting: RHB Graeme Dormer
|
0-0: Swinging Strike 0-1: Ball 1-1: Ball 2-1: Ball 3-1: Called Strike 3-2: Strikes out swinging
|
Bottom of the 9th over - 0 runs, 0 hits, 0 errors, 0 left on base; Port Royal 1 - Syracuse 0 |
|